 Dungeon Crawl Stone Soup version 0.29-a0-284-gf9362112df (webtiles) character file.

Game seed: 9104678453758700639

216 sammy202020 the Skirmisher (level 5, -6/44 HPs)
             Began as a Palentonga Fighter on Mar 18, 2022.
             Mangled by a black bear (10 damage)
             ... on level 4 of the Dungeon.
             The game lasted 00:05:00 (2533 turns).

sammy202020 the Skirmisher (Palentonga Fighter)     Turns: 2533, Time: 00:05:00

Health: -6/44      AC: 12    Str: 19    XL:     5   Next: 61%
Magic:  5/5        EV:  8    Int: 11    God:
Gold:   64         SH:  4    Dex: 11    Spells: 4/4 levels left

rFire   . . .      SeeInvis +   a - +0 war axe
rCold   . . .      Faith    .   c - +0 buckler
rNeg    . . .      Spirit   .   t - +5 ring mail of the Volcano {Dex+2}
rPois   .          Reflect  .   (no helmet)
rElec   .          Harm     .   (no cloak)
rCorr   .          Rampage  .   n - +0 pair of gloves
Will    .....                   (no barding)
Stlth   +.........              (no amulet)
HPRegen 0.14/turn               (no ring)
MPRegen 0.09/turn               (no ring)

@: mighty
A: large, rugged brown scales 3, see invisible, deformed body, roll 1, armoured
tail
a: Rolling Charge


You were on level 4 of the Dungeon.
You visited 1 branch of the dungeon, and saw 4 of its levels.

You collected 226 gold pieces.
You spent 162 gold pieces at shops.

Inventory:

Hand Weapons
 a - a +0 war axe (weapon)
Armour
 c - a +0 buckler (worn)
 n - a +0 pair of gloves (worn)
 o - a +0 chain mail
 t - the +5 ring mail of the Volcano (worn) {Dex+2}
   (You bought it in a shop on level 1 of the Dungeon)

   Dex:       It affects your dexterity (+2).
Jewellery
 y - a ring of fire
Wands
 b - a wand of flame (18)
 u - a wand of polymorph (12)
Scrolls
 f - a scroll of amnesia {unknown}
 g - 3 scrolls of magic mapping {unknown}
 h - 2 scrolls of fear {unknown}
 i - a scroll of noise {unknown}
 j - a scroll of silence {unknown}
 k - 2 scrolls of fog {unknown}
 l - 2 scrolls of enchant weapon {unknown}
Potions
 e - a potion of flight {unknown}
 m - 2 potions of lignification {unknown}
 p - a potion of experience {unknown}
 q - a potion of curing {unknown}
 r - a potion of resistance {unknown}
 s - a potion of ambrosia {unknown}
 v - a potion of haste {unknown}
 w - a potion of magic {unknown}
 x - a potion of brilliance {unknown}


   Skills:
 * Level 4.0 Fighting
 * Level 3.2 Axes
 * Level 3.2 Armour
 + Level 1.1 Dodging
 * Level 3.2 Shields


You had 4 spell levels left.
You didn't know any spells.
Your spell library contained the following spells:

 Spells                   Type           Power      Damage    Failure   Level
 Stone Arrow              Conj/Erth      0%         3d7       91%         3
 Animate Armour           Summ/Erth      0%         N/A       100%        4
 Lehudib's Crystal Spear  Conj/Erth      0%         10d2      100%        8


Dungeon Overview and Level Annotations

Branches:
Dungeon (4/15)
 Temple: D:4-7

Altars:

Shops:
D:1 [


Innate Abilities, Weirdness & Mutations

You are completely covered in rugged brown scales. (AC +3, +7% HP)
You have supernaturally acute eyesight. (SInv)
Armour fits poorly on your strangely shaped body.
You can roll at nearby foes to attack.
You have a long armoured tail.


Message History

You hit the black bear but do no damage.
The black bear is severely wounded.
The black bear barely misses you. x2; You block the black bear's attack.
The black bear bites you!
The black bear claws you but does no damage. x2
You barely miss the black bear.
The black bear is severely wounded.
The black bear bites you but does no damage.
The black bear closely misses you.
The black bear claws you but does no damage.
The black bear barely misses you.
The black bear claws you but does no damage.
The black bear claws you.
You barely miss the black bear.
The black bear is severely wounded.
The black bear bites you but does no damage.
The black bear barely misses you. The black bear claws you.
The black bear bites you but does no damage.
The black bear claws you. You block the black bear's attack.
You hit the black bear but do no damage.
The black bear is severely wounded.
The black bear bites you.
The black bear claws you but does no damage.
The black bear claws you. The black bear bites you.
The black bear claws you. x2
* * * LOW HITPOINT WARNING * * *
Okay, then.
You feel very mighty all of a sudden. The black bear barely misses you.
The black bear claws you but does no damage.
The black bear claws you.
* * * LOW HITPOINT WARNING * * *
The black bear bites you but does no damage.
The black bear claws you.
* * * LOW HITPOINT WARNING * * *
The black bear claws you.
* * * LOW HITPOINT WARNING * * *
You hit the black bear.
Your tail-slap misses the black bear.
The black bear is almost dead.
The black bear bites you!
You die...

........##.. #.#
........#..## ...
#........... #...
#.......... . #....
#.........#.#..
.....##.........#....
.............†....##.
#..h..............
#@........###..
##.......## #..
##....>..#.....
##..............
#..........##.....
.......?....<..###
...#.##...##..## #.
## #...##### . ##..#


You could see a black bear (berserk).

Vanquished Creatures
  A phantom (D:3)
  An orc wizard (D:3)
  4 adders
  2 worms (D:2)
  A dart slug (D:1)
  2 orcs (D:3)
  5 bats
  7 endoplasms
  5 giant cockroaches
  10 goblins
  8 hobgoblins
  4 jackals (D:2)
  A quokka (D:3)
  6 ball pythons
  A frilled lizard (D:3)
  7 kobolds
  6 rats
71 creatures vanquished.

Notes
Turn   | Place    | Note
-------+----------+-------------------------------------------
     0 | D:1      | sammy202020 the Palentonga Fighter began the quest for the
                  | Orb.
     0 | D:1      | Reached XP level 1. HP: 19/19 MP: 1/1
   181 | D:1      | Reached XP level 2. HP: 25/25 MP: 2/2
   289 | D:1      | Found a faded altar of an unknown god.
   510 | D:1      | Found Ablos's Antique Armour Shop.
   691 | D:1      | Reached XP level 3. HP: 29/31 MP: 3/3
  1059 | D:2      | Reached XP level 4. HP: 31/37 MP: 4/4
  1749 | D:3      | Identified the +0 pair of boots of Watchfulness {*Slow
                  | rElec Regen+ Str+2}
  1949 | D:1      | Bought a transparent ring mail for 162 gold pieces
  1949 | D:1      | Identified the +5 ring mail of the Volcano {Dex+2} (You
                  | bought it in a shop on level 1 of the Dungeon)
  2056 | D:3      | Noticed a phantom
  2063 | D:3      | Killed a phantom
  2064 | D:3      | Reached skill level 1 in Dodging
  2064 | D:3      | Reached XP level 5. HP: 42/44 MP: 5/5
  2168 | D:3      | Reached skill level 4 in Fighting
  2522 | D:4      | Noticed a black bear
  2533 | D:4      | Mangled by a black bear

Illustrated notes

Levels and vault maps discovered:
D:1:      evilmike_arrival_rings, layout_rooms,
          hellmonk_ecumenical_altar_slurped_away, serial_shops, shop,
          chequers_serial_rivers_micro_a, nrook_campfire,
          chequers_decorated_corner, minmay_quantized
D:2:      layout_rooms, minmay_goblin_outpost
D:3:      layout_loops_ring
D:4:      layout_cave_pools, makhleb_heckhound_becter,
          mainiacjoe_overflow_swirl, amcnicky_mini_corridor_feature,
          kennysheep_donut, nicolae_shop_clearance

Skill      XL: |  1  2  3  4  5 |
---------------+----------------+-----
Shields        | 3 |  3.2
Axes           | 3 |  3.2
Armour         | 3 |  3.2
Dodging        | 1 |  1.1
Fighting       | 4 |  4.0

Action                   |  1- 3 |  4- 6 || total
-------------------------+-------+-------++-------
Melee: War axe           |    82 |    86 ||   168
       Tailslap          |     6 |     8 ||    14
 Abil: Rolling Charge    |     3 |     3 ||     6
  Use: Potion            |       |     1 ||     1
Armor: Scale mail        |    37 |       ||    37
       Chain mail        |    39 |    38 ||    77
       Ring mail         |       |    33 ||    33
Dodge: Dodged            |    37 |    34 ||    71
Block: Buckler           |    19 |    22 ||    41

Table legend: (Time is in decaauts)
 A = Elapsed time spent in this place.
 B = Non-inter-level travel time spent in this place.
 C = Inter-level travel time spent in this place.
 D = Time resting spent in this place.
 E = Time spent auto-exploring this place.
 F = Levels seen in this place.
 G = Mean time per level.
                   A        B        C        D        E       F      G
               +--------+--------+--------+--------+--------+-----+--------+
         Total |   2601 |   2542 |     59 |    100 |   1728 |   4 |  650.2 |
       Dungeon |   2601 |   2542 |     59 |    100 |   1728 |   4 |  650.2 |
               +--------+--------+--------+--------+--------+-----+--------+

Top non-repeatable levels by time:
     D:2: 1003 daAuts
     D:1: 841 daAuts
     D:3: 729 daAuts
     D:4: 27 daAuts
